 Dungeon Crawl Stone Soup version 0.26.1-11-gd32895ea62 (webtiles) character file.

Game seed: 2389265730896887835

546914 dtburroughs the Executioner (level 24, -5/228 HPs)
             Began as a Minotaur Berserker on July 17, 2021.
             Was a High Priest of Trog.
             Killed by the air
             ... invoked by a wind drake
             ... summoned by a yellow draconian stormcaller
              (25 damage)
             ... on level 1 of the Realm of Zot on July 18, 2021.
             The game lasted 04:13:30 (82227 turns).

dtburroughs the Executioner (Minotaur Berserker)   Turns: 82227, Time: 04:13:30

Health: -5/228     AC: 30    Str: 29    XL:     24   Next: 92%
Magic:  7/7        EV: 16    Int:  4    God:    Trog [*****.]
Gold:   5682       SH: 18    Dex: 12    Spells: 23/23 levels left

rFire    + + +     SeeInvis +   H - +9 broad axe (antimagic)
rCold    + . .     Faith    +   T - +1 kite shield {reflect}
rNeg     . . .     Spirit   .   C - +0 gold dragon scales
rPois    +         Reflect  +   (helmet restricted)
rElec    .         Harm     .   I - scarf {repulsion}
rCorr    +         Rampage  .   a - +1 pair of gloves of the Lonely Deaths {rPois rF+ Regen+ SInv}
Will     ++++.                  z - +2 pair of boots {Fly}
Stlth    ..........             n - amulet of faith
HPRegen  0.88/turn              u - ring of resist corrosion
MPRegen  0.10/turn              P - ring "Syeluagg" {+Fly rF+ Will+++ Int-3 Stlth+}

@: lethally poisoned (-5 -> -29), flying, slowed, repel missiles, very slow
A: retaliatory headbutt, horns 2
}: 3/15 runes: decaying, serpentine, silver
a: Stop Flying, Renounce Religion, Berserk, Trog's Hand, Brothers in Arms


You were on level 1 of the Realm of Zot.
You worshipped Trog.
Trog was extremely pleased with you.
You visited 9 branches of the dungeon, and saw 45 of its levels.
You visited 1 bazaar.
You also visited: Volcano.

You collected 7942 gold pieces.
You spent 2260 gold pieces at shops.

Inventory:

Hand Weapons
 i - the +3 broad axe "Beastslayer" {flame, rElec Int+4}
   (You took it off a yaktaur captain on level 5 of the Vaults)

   It has been specially enchanted to burn those struck by it, causing extra
   injury to most foes and up to half again as much damage against particularly
   susceptible opponents.
   Big, fiery blades are also staple armaments of hydra-hunters.
   It affects your intelligence (+4).
   It insulates you from electricity.
 H - a +9 antimagic broad axe (weapon)
 R - a +1 vorpal broad axe
Armour
 a - the +1 pair of gloves of the Lonely Deaths (worn) {rPois rF+ Regen+ SInv}
   (You acquired it on level 1 of the Lair of Beasts)

   It protects you from fire.
   It protects you from poison.
   It lets you see invisible.
   It increases your rate of regeneration.
 z - a +2 pair of boots of flying (worn)
 C - +0 gold dragon scales (worn)
 I - a scarf of repulsion (worn)
 T - a +1 kite shield of reflection (worn)
Jewellery
 n - an amulet of faith (around neck)
 u - a ring of resist corrosion (left hand)
 G - the ring of Lieggyegg {rN+ EV+4 Slay+3}
   (You acquired it on level 5 of the Vaults)

   [ring of evasion]

   It affects your evasion (+4).
   It affects your accuracy and damage with ranged weapons and melee attacks
   (+3).
   It protects you from negative energy.
 L - the ring of the Everdark {+Inv +Fly rElec Int+4}
   (You took it off a frost giant on level 5 of the Vaults)

   [ring of flight]

   It affects your intelligence (+4).
   It insulates you from electricity.
   It lets you turn invisible.
   It lets you fly.
 P - the ring "Syeluagg" (right hand) {+Fly rF+ Will+++ Int-3 Stlth+}
   (You bought it in a shop on level 5 of the Vaults)

   [ring of flight]

   It affects your intelligence (-3).
   It protects you from fire.
   It affects your willpower, your defense against some magical effects.
   It lets you fly.
   It makes you more stealthy.
Wands
 f - a wand of flame (40)
 l - a wand of digging (10)
 t - a wand of paralysis (29)
 D - a wand of polymorph (50)
 O - a wand of iceblast (35)
 Q - a wand of acid (36)
 S - a wand of random effects (44)
 U - a wand of disintegration (23)
Scrolls
 b - 23 scrolls of remove curse
 e - 27 scrolls of teleportation
 h - 6 scrolls of fog
 m - 3 scrolls of silence
 p - 4 scrolls of magic mapping
 q - 21 scrolls of identify
 r - 5 scrolls of immolation
 x - 9 scrolls of fear
 E - a scroll of summoning
 W - a scroll of holy word
Potions
 g - 5 potions of cancellation
 k - a potion of invisibility
 y - a potion of curing
 A - 9 potions of lignification
 J - 8 potions of mutation
 K - 2 potions of ambrosia
 X - a potion of heal wounds
Miscellaneous
 c - a phial of floods
 s - a lightning rod (4/4)
 B - a tin of tremorstones (2/2)
 N - a phantom mirror
 Y - a box of beasts


   Skills:
 + Level 21.5 Fighting
 + Level 21.5 Axes
 + Level 21.5 Armour
 + Level 19.9 Dodging
 + Level 20.7 Shields
 + Level 17.0 Evocations


You had 23 spell levels left.
You didn't know any spells.
Your spell library was empty.

Dungeon Overview and Level Annotations

Branches:
Dungeon (15/15)            Temple (0/1) D:6            Lair (6/6) D:9
  Swamp (4/4) Lair:2        Snake (4/4) Lair:4        Slime (0/5) Lair:5
    Orc (2/2) D:11            Elf (3/3) Orc:2        Vaults (5/5) D:14
  Crypt (0/3) Vaults:3     Depths (5/5) D:15            Zot (1/5) Depths:5
Volcano (visited)

Altars:
Hepliaklqana
Kikubaaqudgha
Nemelex Xobeh
Okawaru
Qazlal
Sif Muna
Zin
The Shining One
Jiyva
Lugonu

Shops:
D:5 *   D:7 ?   D:8 [   D:11 *   D:12 *   Orc:2 ?*}[   Elf:3 }=}   Snake:3 [(
Vaults:3 }   Vaults:5 =   Depths:3 [

Portals:
Hell: Depths:1 Depths:2 Depths:3 Depths:4 Depths:5
Abyss: Depths:1 Depths:2 Depths:4 Depths:5
Pandemonium: Depths:3
Ziggurat: Depths:1

Annotations:
D:3 4 runed translucent doors, SBUDELSKY's ghost, amateur MiFi
Snake:3 Mara
Elf:1 6 runed translucent doors


Innate Abilities, Weirdness & Mutations

You reflexively headbutt those who attack you in melee.
You have a pair of horns on your head.


Message History

The death drake breathes miasma at you.
The foul vapour is repelled.
Your iron troll bites the death drake!
Your iron troll claws the death drake!!
The death drake dies!
The death drake's corpse disappears in a puff of smoke!
The death drake bites you.
* * * LOW HITPOINT WARNING * * *
The wind drake flaps its wings at you.
The air twists around and violently strikes you in flight!!
* * * LOW HITPOINT WARNING * * *
Your iron troll bites the death drake!!
Your iron troll claws the death drake! x2
You are engulfed in dark miasma.
You are more poisoned.
You feel as though you will be slow longer.
* * * LOW HITPOINT WARNING * * *
x2 You feel very sick.
The death drake bites your iron troll! The wind drake flaps its wings at you.
The air twists around and violently strikes you in flight!!
You die...

######.............##..##..##..#
######............###..##..#...#
...................##..##......#
...................##..##......#
#######..........).##..##......#
######.............##..##......#
.................).##..#.......#
...............°..[##..........#
......#######T°°@∩.##..........#
......#######°k○°[.##..........#
......⌠...)#.kJ°°.)[...........#
.°..........q..l...............#
.....).........................#
##.................)...........#
###...........................#
##................[.........#
##.#.......................#


You could see a yellow draconian stormcaller, a death drake (summoned), a wind
drake (summoned, repels missiles), a komodo dragon (summoned), a jelly and a
friendly iron troll (summoned, berserk).

Vanquished Creatures
  An ancient lich (Vaults:5)
  Boris (twice) (Vaults:3 Depths:1)
  Saint Roka (Vaults:3)
  Nikola (Elf:3)
  3 golden dragons
  An electric golem (Zot:1)
  2 liches
  2 tentacled monstrosities (Vaults:5)
  5 titans
  3 deep elf blademasters
  A quicksilver dragon (Depths:5)
  An acid blob (Zot:1)
  A death cob (Zot:1)
  2 deep elf master archers (Elf:3)
  5 shadow dragons
  7 sphinxes
  Kirke (D:13)
  4 tengu reavers
  9 storm dragons
  2 fenstrider witches
  Roxanne (Snake:1)
  Donald (Snake:1)
  12 nagarajas
  6 fire giants
  2 iron dragons
  7 frost giants
  7 deep elf sorcerers
  A draconian knight (Depths:5)
  Louise (D:15)
  3 draconian scorchers (Zot:1)
  Aizul (Snake:1)
  2 draconian shifters (Zot:1)
  3 deep elf elementalists
  19 vault wardens
  A draconian stormcaller (Depths:5)
  2 spriggan defenders (Depths:4)
  12 very ugly things
  A draconian annihilator (Depths:5)
  A war gargoyle (Vaults:4)
  19 stone giants
  11 ironheart preservers
  5 deep elf demonologists
  3 deep elf annihilators
  3 black draconians
  A bunyip (shapeshifter) (Vaults:5)
  A large abomination (Elf:1)
  3 white draconians
  4 yellow draconians (Zot:1)
  5 spark wasps
  2 dire elephants (Lair:6)
  3 bunyips
  A lorocyproca (D:15)
  4 purple draconians
  3 red draconians (Depths:5)
  An eleionoma (Swamp:3)
  16 ettins
  3 jiangshi (Depths:5)
  2 merfolk javelineers (Depths:3)
  A merfolk impaler (Depths:3)
  4 deep elf death magi
  6 rakshasas
  5 deep elf high priests
  15 fire dragons
  7 great orbs of eyes
  A shambling mangrove (Swamp:1)
  Josephine (D:11)
  3 boulder beetles
  28 vault guards
  20 yaktaur captains
  11 naga warriors
  15 ice dragons
  A catoblepas (Elf:2)
  A catoblepas (shapeshifter) (Vaults:5)
  2 spriggan air magi
  4 death knights
  25 hydras
  12 centaur warriors
  46 two-headed ogres
  16 ogre magi
  24 dancing weapons
  10 anacondas
  A satyr (shapeshifter) (Elf:3)
  A two-headed ogre (shapeshifter) (D:14)
  8 death yaks
  9 deep troll earth magi
  10 deep troll shamans
  3 small abominations
  3 alligators
  A queen ant (D:11)
  3 shock serpents
  3 vampire magi
  6 orc high priests (Orc:2)
  17 deep elf knights
  2 soul eaters
  15 naga sharpshooters
  5 spriggan berserkers
  A shadow wraith (Vaults:4)
  5 salamander mystics
  2 iron trolls
  7 skeletal warriors
  A spark wasp zombie (Depths:3)
  8 goliath frogs
  4 hell knights
  6 unseen horrors
  30 deep trolls
  A flayed ghost (Vaults:4)
  4 glowing orange brains
  9 naga ritualists
  3 bog bodies
  2 phantasmal warriors
  2 spriggan druids
  A lindwurm (Swamp:3)
  5 wizards
  11 deep elf archers
  17 ironbrand convokers
  7 swamp dragons
  6 necromancers
  3 harpies (Elf:2)
  23 orc knights
  A harpy (shapeshifter) (Depths:1)
  A tengu zombie (Depths:3)
  5 cyclopes
  55 deep elf magi
  An oklob plant (Lair:6)
  9 mana vipers
  9 manticores
  20 salamanders
  4 wolf spiders
  3 will-o-the-wisps
  27 ugly things
  A moth of wrath (shapeshifter) (Depths:3)
  3 orc sorcerers
  2 frost giant skeletons (Vaults:3)
  2 frost giant zombies (Vaults:3)
  3 guardian serpents (Snake:3)
  5 centaur zombies
  A salamander (shapeshifter) (D:15)
  31 black mambas
  A rust devil (Depths:3)
  15 vault sentinels
  5 moths of wrath
  4 elephants (Lair:6)
  10 cane toads
  30 naga magi
  A storm dragon simulacrum (Vaults:1)
  3 gargoyles
  A cane toad (shapeshifter) (Vaults:1)
  4 molten gargoyles
  10 freezing wraiths
  2 kobold demonologists
  A demonic crawler (Lair:3)
  3 rime drakes
  An efreet (D:14)
  2 hellwings (Depths:2)
  11 komodo dragons
  An ice devil (Depths:5)
  62 yaktaurs
  2 polar bears (shapeshifter)
  A queen bee (shapeshifter) (Vaults:3)
  A tengu simulacrum (Vaults:3)
  A meliai (shapeshifter) (Vaults:2)
  6 tyrant leeches
  A yaktaur skeleton (Vaults:3)
  17 blink frogs
  16 trolls
  3 polar bears
  A bloated husk (Swamp:1)
  14 hornets
  36 slime creatures
  Grinder (D:4)
  A dream sheep (shapeshifter) (Vaults:3)
  A stone giant simulacrum (Vaults:2)
  An elf zombie (Depths:3)
  A flying skull (Vaults:3)
  2 shadows
  5 air elementals
  2 yaks (shapeshifter)
  12 wraiths
  24 yaks
  A fire elemental (Elf:3)
  3 vampires
  11 water elementals
  3 wyverns
  2 humans (shapeshifter)
  9 spriggans
  9 fire bats
  A spriggan simulacrum (Depths:3)
  A tarantella (shapeshifter) (Depths:2)
  A basilisk (shapeshifter) (Vaults:4)
  A hog (D:13)
  A yaktaur simulacrum (Vaults:3)
  5 steam dragons
  3 vampire mosquitoes (Swamp:2)
  3 basilisks
  7 soldier ants
  13 wargs
  A warg (shapeshifter) (Vaults:5)
  50 nagas
  3 acid dragons
  18 water moccasins
  14 swamp worms
  5 hell hounds
  Duvessa (D:6)
  49 orc warriors
  3 floating eyes
  3 phantoms
  An ice beast (shapeshifter) (Vaults:5)
  3 sky beasts
  An elf simulacrum (Depths:3)
  2 eyes of draining (D:12)
  6 ice beasts
  A black bear (D:7)
  40 ogres
  8 swamp drakes
  12 boggarts
  25 wolves
  A boulder beetle simulacrum (Vaults:1)
  2 necrophages
  22 centaurs
  5 big kobolds
  21 bullfrogs
  2 human skeletons (Vaults:3)
  A gnoll sergeant (D:11)
  Dowan (D:6)
  6 scorpions
  A hornet simulacrum (D:15)
  3 killer bees (D:11)
  15 wights
  8 howler monkeys
  2 electric eels (Lair:1)
  18 lava snakes
  A quasit (D:10)
  3 bullfrog zombies (D:13)
  5 jellies
  28 orc wizards
  37 orc priests
  7 hounds
  Crazy Yiuf (D:2)
  A bullfrog skeleton (D:6)
  3 iguanas
  Ijyb (D:3)
  9 centaur skeletons
  21 worker ants
  A hound zombie (D:11)
  2 hound skeletons (D:10)
  A worker ant zombie (D:11)
  11 adders
  8 gnolls
  A shadow imp (D:10)
  5 white imps
  An ufetubus (D:7)
  An ooze (shapeshifter) (Vaults:5)
  An adder zombie (D:5)
  2 adder skeletons
  A worm (D:2)
  3 dart slugs
  3 leopard geckos
  112 orcs
  6 giant cockroaches
  11 goblins
  5 hobgoblins
  18 jackals
  2 quokkas
  A ball python (Snake:3)
  6 bats
  8 frilled lizards
  28 kobolds
  A quokka skeleton (D:4)
  2 rats
  A fire vortex (Swamp:4)
2016 creatures vanquished.

Vanquished Creatures (collateral kills)
  Sojobo (Vaults:3)
  A curse toe (Zot:1)
  A golden dragon (Vaults:5)
  Jorgrun (Snake:3)
  2 shadow dragons (Vaults:5)
  A sphinx (Vaults:5)
  Agnes (Snake:3)
  A tengu reaver (Vaults:3)
  A large abomination (Elf:3)
  A vault warden (Vaults:1)
  A stone giant (Vaults:5)
  A deep elf demonologist (Elf:3)
  2 dire elephants (Lair:6)
  4 naga warriors
  A spriggan air mage (Depths:3)
  A centaur warrior (Vaults:1)
  A death knight (Vaults:4)
  An anaconda (Snake:3)
  An ogre mage (Vaults:4)
  A spriggan berserker (Depths:5)
  A death yak (Lair:6)
  2 naga sharpshooters
  A spriggan (Depths:5)
  A salamander mystic (Snake:1)
  A deep troll (Depths:5)
  A phantasmal warrior (Vaults:3)
  3 ugly things
  An orc sorcerer (Orc:2)
  2 black mambas
  3 naga magi
  A vault sentinel (Vaults:1)
  A kobold demonologist (D:13)
  A yaktaur (Depths:3)
  A hornet (Depths:5)
  4 yaks (Lair:6)
  A hog (D:13)
  2 wargs (Orc:2)
  A naga (Snake:3)
  2 orc warriors
  An ogre (Orc:2)
  A wolf (Lair:6)
  A glowing shapeshifter simulacrum (Vaults:3)
  An orc wizard (Vaults:5)
59 creatures vanquished.

Vanquished Creatures (others)
  An eleionoma (Swamp:2)
  An anaconda (Snake:3)
  A deep troll earth mage (Depths:3)
  A deep elf knight (Elf:1)
  2 swamp dragons (Swamp:4)
  2 lindwurms (Swamp:4)
  A stone giant zombie (Vaults:3)
  A deep elf mage (Elf:3)
  A naga mage (Snake:4)
  A yaktaur (Depths:4)
  A bloated husk (Swamp:1)
  A hornet (Swamp:4)
  A spriggan (Swamp:4)
  A shadow (D:14)
  A yak (shapeshifter) (Elf:1)
  A human (D:13)
  A steam dragon (Swamp:4)
  A naga (Snake:3)
  An orc warrior (Elf:1)
  3 swamp drakes (Swamp:4)
  A howler monkey (D:12)
  An orc priest (Elf:1)
  2 orc wizards (Elf:1)
  3 orcs (Elf:1)
  A crawling corpse (Elf:1)
  8 foxfires
  51 fungi
  73 plants
164 creatures vanquished.

Grand Total: 2239 creatures vanquished

Notes
Turn   | Place    | Note
-------+----------+-------------------------------------------
     0 | D:1      | dtburroughs the Minotaur Berserker began the quest for the
                  | Orb.
     0 | D:1      | Reached XP level 1. HP: 19/19 MP: 0/0
    46 | D:1      | You fall into a shaft and drop 1 floor!
   183 | D:2      | Reached XP level 2. HP: 27/27 MP: 1/1
   282 | D:2      | Found an iron altar of Okawaru.
   505 | D:2      | Reached XP level 3. HP: 33/33 MP: 2/2
   990 | D:2      | Reached ** piety under Trog
  1146 | D:2      | Found a runed translucent door.
  1147 | D:2      | Noticed Crazy Yiuf
  1220 | D:2      | Killed Crazy Yiuf
  1221 | D:2      | Reached XP level 4. HP: 41/41 MP: 3/3
  2325 | D:3      | Found a runed translucent gate.
  2325 | D:3      | Found a runed translucent gate.
  2327 | D:3      | Found a runed translucent gate.
  2412 | D:3      | Reached XP level 5. HP: 36/47 MP: 4/4
  2634 | D:3      | Reached skill level 5 in Fighting
  2818 | D:3      | Noticed SBUDELSKY's ghost (amateur MiFi)
  2864 | D:3      | Noticed Ijyb
  2874 | D:3      | Killed Ijyb
  2875 | D:3      | Reached skill level 5 in Axes
  3081 | D:3      | Found a glowing silver altar of Zin.
  3081 | D:3      | Noticed an angel
  3082 | D:3      | Found a runed translucent door.
  3096 | D:3      | Reached XP level 6. HP: 56/56 MP: 5/5
  3672 | D:4      | Reached *** piety under Trog
  4088 | D:4      | Noticed Grinder
  4091 | D:4      | Paralysed by Grinder for 2 turns
  4117 | D:4      | Killed Grinder
  4118 | D:4      | Reached skill level 1 in Evocations
  4118 | D:4      | Reached XP level 7. HP: 29/62 MP: 3/6
  4503 | D:5      | Entered Level 5 of the Dungeon
  4532 | D:5      | Reached skill level 5 in Armour
  4846 | D:5      | Found Lighum's General Store.
  5328 | D:5      | Reached skill level 5 in Dodging
  5645 | D:6      | Reached XP level 8. HP: 49/71 MP: 3/7
  5975 | D:6      | Noticed Eustachio
  5980 | D:6      | Noticed Eustachio
  5980 | D:6      | Eustachio changed into Eustachio the bullfrog
  5987 | D:6      | Killed Eustachio the bullfrog
  6025 | D:6      | Found a shimmering blue altar of Sif Muna.
  6074 | D:6      | Found an iron altar of Okawaru.
  6074 | D:6      | Noticed Dowan
  6074 | D:6      | Noticed Duvessa
  6105 | D:6      | Killed Duvessa
  6121 | D:6      | Killed Dowan
  6194 | D:6      | Found a staircase to the Ecumenical Temple.
  7053 | D:7      | Found Cuhusiha's Magic Scroll Boutique.
  7178 | D:7      | Reached XP level 9. HP: 72/79 MP: 8/8
  7482 | D:8      | Found Xyuss's Armour Shoppe.
  7838 | D:8      | Found a sparkling altar of Nemelex Xobeh.
  8243 | D:8      | Bought a +0 tower shield for 49 gold pieces
  8423 | D:9      | Reached skill level 1 in Shields
  8462 | D:9      | Found a staircase to the Lair.
  8889 | D:9      | Noticed a centaur warrior
  8894 | D:9      | Noticed a centaur warrior
  8941 | D:9      | Killed a centaur warrior
  8942 | D:9      | Reached skill level 5 in Evocations
  8942 | D:9      | Reached XP level 10. HP: 55/90 MP: 5/9
  8951 | D:9      | Killed a centaur warrior
 10129 | D:9      | Noticed an orc knight
 10150 | D:9      | Killed an orc knight
 10154 | D:9      | Reached skill level 5 in Shields
 10530 | D:10     | Entered Level 10 of the Dungeon
 10865 | D:10     | Reached XP level 11. HP: 96/99 MP: 10/10
 10968 | D:10     | Reached **** piety under Trog
 11039 | D:10     | Noticed a wizard
 11067 | D:10     | Killed a wizard
 11818 | D:9      | Reached skill level 10 in Fighting
 11850 | Lair:1   | Entered Level 1 of the Lair of Beasts
 11959 | Lair:1   | Reached skill level 10 in Axes
 13893 | Lair:2   | Noticed a seven-headed hydra
 13917 | Lair:1   | Killed a seven-headed hydra
 13918 | Lair:1   | Reached skill level 10 in Armour
 15401 | Lair:2   | Noticed a six-headed hydra
 15416 | Lair:2   | Killed a six-headed hydra
 15417 | Lair:2   | Reached XP level 12. HP: 71/108 MP: 7/11
 16001 | Lair:2   | Found a staircase to the Swamp.
 16354 | Lair:3   | Noticed a four-headed hydra
 16372 | Lair:3   | Killed a four-headed hydra
 16651 | Lair:3   | Noticed an eight-headed hydra
 16667 | Lair:3   | Killed an eight-headed hydra
 16668 | Lair:3   | Reached skill level 10 in Dodging
 17133 | Lair:3   | Noticed a six-headed hydra
 17151 | Lair:3   | Killed a six-headed hydra
 18949 | Lair:3   | Got a transparent lapis lazuli ring
 19021 | Lair:3   | Identified the ring "Tetyq" {+Fly Will++} (You found it on
                  | level 3 of the Lair of Beasts)
 19503 | Lair:4   | Found a staircase to the Snake Pit.
 20635 | Lair:5   | Reached XP level 13. HP: 117/117 MP: 12/12
 20809 | Lair:5   | Found a viscous altar of Jiyva.
 20809 | Lair:5   | Found a staircase to the Slime Pits.
 21171 | Lair:6   | Entered Level 6 of the Lair of Beasts
 22992 | Lair:6   | Reached ***** piety under Trog
 24391 | Lair:6   | Reached skill level 10 in Shields
 24401 | Lair:6   | Noticed a dire elephant
 24411 | Lair:6   | Killed a dire elephant
 24420 | Lair:6   | Noticed a dire elephant
 24420 | Lair:6   | Noticed a dire elephant
 24424 | Lair:6   | Killed a dire elephant
 24431 | Lair:6   | Killed a dire elephant
 24691 | Lair:6   | Noticed a dire elephant
 24691 | Lair:6   | Noticed a dire elephant
 24722 | Lair:6   | Killed a dire elephant
 25232 | D:7      | Bought a scroll of identify for 20 gold pieces
 25232 | D:7      | Bought a scroll of identify for 20 gold pieces
 26078 | D:11     | Found Jiotarem's General Store.
 26096 | D:11     | Received a gift from Trog
 26114 | D:11     | Bought an uncursed amulet of reflection for 330 gold pieces
 26472 | D:11     | Reached XP level 14. HP: 90/127 MP: 13/13
 26761 | D:11     | Found a staircase to the Orcish Mines.
 27153 | D:12     | Noticed Josephine
 27182 | D:11     | Killed Josephine
 27519 | D:12     | Found the +5 scythe "Finisher" {speed, eviscerate}
 27664 | D:12     | Found Jajyihe's General Store.
 29065 | D:13     | Noticed Kirke
 29079 | D:13     | Noticed a sphinx
 29083 | D:13     | Killed Kirke
 30782 | D:14     | Received a gift from Trog
 30894 | D:14     | Reached skill level 10 in Evocations
 31419 | D:14     | Found a gate to the Vaults.
 31620 | D:15     | Entered Level 15 of the Dungeon
 31703 | D:15     | Identified a scroll of acquirement
 31732 | D:15     | Found a gate leading to a gauntlet.
 31775 | D:15     | Reached XP level 15. HP: 110/137 MP: 14/14
 32054 | D:15     | Noticed Louise
 32097 | D:15     | Killed Louise
 33512 | D:15     | Found a staircase to the Depths.
 34541 | Lair:1   | Acquired the +1 pair of gloves of the Lonely Deaths {rPois
                  | rF+ Regen+ SInv}
 34679 | Orc:1    | Entered Level 1 of the Orcish Mines
 34864 | Orc:1    | Found a dark tunnel.
 34911 | Volcano  | Entered a volcano
 35063 | Volcano  | Found a bloodstained altar of Trog.
 35068 | Volcano  | Received a gift from Trog
 35604 | Orc:2    | Entered Level 2 of the Orcish Mines
 35751 | Orc:2    | Found a staircase to the Elven Halls.
 36284 | Orc:2    | Received a gift from Trog
 36304 | Orc:2    | Got an ancient war axe {god gift}
 36305 | Orc:2    | Identified the +2 war axe "Hilia" {vorpal, *Slow Int+4
                  | Dex+5} (Trog gifted it to you on level 2 of the Orcish
                  | Mines)
 37107 | Orc:2    | Found Urrualof's Assorted Antiques.
 37110 | Orc:2    | Found Muse's Antique Armour Shop.
 37113 | Orc:2    | Found Huqileivvo's Gadget Boutique.
 37114 | Orc:2    | Found Uroetra's Magic Scroll Shop.
 37117 | Orc:2    | Bought a scroll of teleportation for 36 gold pieces
 37117 | Orc:2    | Bought a scroll of teleportation for 36 gold pieces
 37117 | Orc:2    | Bought a scroll of fear for 42 gold pieces
 37117 | Orc:2    | Bought a scroll of teleportation for 36 gold pieces
 37432 | Swamp:1  | Entered Level 1 of the Swamp
 37460 | Swamp:1  | Reached XP level 16. HP: 124/147 MP: 15/15
 37517 | Swamp:1  | Received a gift from Trog
 39342 | Swamp:3  | Reached skill level 15 in Axes
 39403 | Swamp:3  | Reached skill level 15 in Fighting
 39722 | Swamp:4  | Entered Level 4 of the Swamp
 39916 | Swamp:3  | Reached skill level 15 in Armour
 41255 | Swamp:4  | Got a decaying rune of Zot
 41580 | Snake:1  | Entered Level 1 of the Snake Pit
 41758 | Snake:1  | Noticed Aizul
 41780 | Snake:1  | Killed Aizul
 42409 | Snake:1  | Noticed Donald
 42420 | Snake:1  | Killed Donald
 42460 | Snake:1  | Found a flickering gateway to a bazaar.
 42466 | Bazaar   | Entered a bazaar
 42468 | Bazaar   | Found Beuqus's Jewellery Boutique.
 42472 | Bazaar   | Found Ryasytwu's Book Boutique.
 42472 | Bazaar   | Found Vevurul's Armour Boutique.
 42473 | Bazaar   | Found Wubaifeox's Armour Boutique.
 42503 | Bazaar   | Bought the cursed +0 kite shield of an ossuary {*Drain
                  | rElec MP+9} for 460 gold pieces
 42553 | Snake:1  | Identified Roxanne's Grimoire of Transmutation
 42553 | Snake:1  | Noticed Roxanne
 42574 | Snake:1  | Killed Roxanne
 42575 | Snake:1  | Reached XP level 17. HP: 156/156 MP: 16/16
 43109 | Snake:2  | Reached ****** piety under Trog
 43118 | Snake:2  | Received a gift from Trog
 44538 | Snake:3  | Received a gift from Trog
 44691 | Snake:3  | Found Goxij's Armour Emporium.
 45333 | Snake:3  | Noticed Jorgrun
 45353 | Snake:3  | Killed Jorgrun
 45796 | Snake:3  | Identified the +6 falchion of Compound Interest {freeze,
                  | Str+2 Int+4}
 45911 | Snake:3  | Found Hehybawk's Weapon Shop.
 45934 | Snake:3  | Noticed Agnes
 45956 | Snake:3  | Killed Agnes
 46131 | Snake:3  | Received a gift from Trog
 46315 | Snake:3  | Reached XP level 18. HP: 166/166 MP: 17/17
 46794 | Snake:4  | Entered Level 4 of the Snake Pit
 46830 | Snake:4  | Reached skill level 15 in Dodging
 46832 | Snake:4  | Noticed Mara
 47068 | Snake:4  | Noticed dtburroughs's illusion
 47160 | Snake:4  | Noticed dtburroughs's illusion
 47347 | Snake:4  | Noticed dtburroughs's illusion
 47491 | Snake:4  | Noticed dtburroughs's illusion
 47781 | Snake:3  | Reached skill level 15 in Shields
 47785 | Snake:3  | Noticed dtburroughs's illusion
 48111 | Snake:3  | Noticed dtburroughs's illusion
 48537 | Snake:4  | Found a glowing golden altar of the Shining One.
 48752 | Snake:3  | Noticed dtburroughs's illusion
 49526 | D:7      | Bought a scroll of teleportation for 30 gold pieces
 49604 | D:11     | Bought a scroll of teleportation for 33 gold pieces
 49760 | Elf:1    | Entered Level 1 of the Elven Halls
 50803 | Elf:1    | Got a twisted whip
 51094 | Elf:1    | Found a runed translucent gate.
 51094 | Elf:1    | Found a runed translucent gate.
 51094 | Elf:1    | Found a runed translucent gate.
 51094 | Elf:1    | Found a runed translucent gate.
 51094 | Elf:1    | Found a runed translucent gate.
 51096 | Elf:1    | Found a runed translucent gate.
 51478 | Lair:1   | Identified the cursed +1 whip "Arrafeqi" {speed, rElec
                  | Int+6 Dex-4 SInv} (You found it on level 1 of the Elven
                  | Halls)
 52955 | Snake:4  | Got a serpentine rune of Zot
 53376 | Vaults:1 | Entered Level 1 of the Vaults
 54346 | Vaults:1 | Reached XP level 19. HP: 177/177 MP: 18/18
 56702 | Vaults:2 | Received a gift from Trog
 58292 | Vaults:3 | Received a gift from Trog
 58421 | Vaults:3 | Noticed Saint Roka
 58432 | Vaults:3 | Killed Saint Roka
 58488 | Vaults:3 | Reached XP level 20. HP: 129/187 MP: 19/19
 58680 | Vaults:3 | Noticed Sojobo
 58699 | Vaults:3 | Killed Sojobo
 58867 | Vaults:3 | Noticed Boris
 58936 | Vaults:3 | Killed Boris
 59147 | Vaults:3 | Found Tetal's Gadget Emporium.
 59209 | Vaults:3 | Found a staircase to the Crypt.
 60304 | Vaults:4 | Received a gift from Trog
 61044 | Vaults:4 | HP: 11/283 [deep troll (11)]
 61904 | Vaults:4 | Received a gift from Trog
 61907 | Vaults:4 | Got a steaming battleaxe {god gift}
 61908 | Vaults:4 | Identified the +6 battleaxe of Xyeq {flame, rElec} (Trog
                  | gifted it to you on level 4 of the Vaults)
 62097 | Vaults:4 | Reached XP level 21. HP: 178/195 MP: 20/20
 62102 | Vaults:4 | Got a steaming ring mail
 62491 | Lair:1   | Identified the +1 ring mail of Dyubraj {Str+3} (You found
                  | it on level 4 of the Vaults)
 62841 | Elf:2    | Found a runed translucent gate.
 62852 | Elf:2    | Found a runed translucent gate.
 62853 | Elf:2    | Found a runed translucent gate.
 63255 | Elf:2    | Received a gift from Trog
 63996 | Elf:3    | Entered Level 3 of the Elven Halls
 64404 | Elf:3    | Received a gift from Trog
 64558 | Elf:3    | Noticed Nikola
 64573 | Elf:3    | Killed Nikola
 64834 | Elf:3    | Found an ancient bone altar of Kikubaaqudgha.
 64905 | Elf:3    | Found Bicaid's Gadget Shoppe.
 64905 | Elf:3    | Found Alarphopt's Jewellery Boutique.
 64906 | Elf:3    | Found Ufifrera's Gadget Shoppe.
 65155 | Elf:3    | Identified the +1 hand axe "Doufid Raq" {flame, rC+ Will+
                  | Int-4 Stlth+}
 65172 | Elf:3    | Identified the cursed +1 trident of the Stoat {antimagic,
                  | Str+3 Dex+6}
 65173 | Elf:3    | Identified the ring "Xokogrun" {EV+4 Str+9 Int-5 Dex+7 SInv
                  | Stlth-}
 65215 | Elf:3    | Reached skill level 15 in Evocations
 66144 | Elf:3    | Identified the +1 cloak "Xynk" {Str+3} (You found it on
                  | level 3 of the Elven Halls)
 66639 | Depths:1 | Entered Level 1 of the Depths
 66689 | D:15     | Received a gift from Trog
 66772 | Depths:1 | Found a gateway to Hell.
 66976 | Depths:1 | Reached XP level 22. HP: 206/206 MP: 10/21
 67049 | Depths:1 | Found a gateway to a ziggurat.
 67584 | Depths:1 | Found a one-way gate to the infinite horrors of the Abyss.
 67742 | Depths:2 | Noticed Boris
 67758 | Depths:1 | Killed Boris
 68175 | Depths:2 | Found a stormy altar of Qazlal.
 68273 | Depths:2 | Received a gift from Trog
 68369 | Depths:2 | Found a hazy altar of Hepliaklqana.
 69258 | Depths:3 | Found Yvoipp's Armour Shoppe.
 69778 | Depths:3 | Received a gift from Trog
 70341 | Depths:3 | Found a one-way gate leading to the halls of Pandemonium.
 70342 | Depths:3 | You are sucked into a shaft and drop 2 floors!
 70342 | Depths:5 | Entered Level 5 of the Depths
 70538 | Depths:5 | Received a gift from Trog
 71124 | Depths:4 | Reached XP level 23. HP: 185/215 MP: 10/22
 71841 | Depths:4 | Found a corrupted altar of Lugonu.
 73981 | Depths:5 | Paralysed by a floating eye for 2 turns
 75013 | Depths:5 | Received a gift from Trog
 75761 | Depths:5 | Found a gate to the Realm of Zot.
 76136 | Lair:1   | Acquired 517 gold pieces
 76233 | D:7      | Bought a scroll of enchant armour for 75 gold pieces
 76233 | D:7      | Bought a scroll of magic mapping for 35 gold pieces
 76233 | D:7      | Bought a scroll of enchant weapon for 75 gold pieces
 76233 | D:7      | Bought a scroll of enchant weapon for 75 gold pieces
 76318 | D:11     | Bought a scroll of enchant armour for 82 gold pieces
 76318 | D:11     | Bought a scroll of enchant weapon for 82 gold pieces
 76369 | D:12     | Bought a scroll of fog for 24 gold pieces
 76502 | Orc:2    | Bought a scroll of enchant armour for 90 gold pieces
 76502 | Orc:2    | Bought a scroll of magic mapping for 42 gold pieces
 76848 | Vaults:5 | Entered Level 5 of the Vaults
 76991 | Vaults:5 | Received a gift from Trog
 77073 | Vaults:5 | Reached XP level 24. HP: 142/226 MP: 10/22
 77100 | Vaults:5 | Noticed an ancient lich
 77108 | Vaults:5 | Killed an ancient lich
 77981 | Vaults:5 | Identified the ring "Jufrigh" {MP+9 Dex+6 Stlth+}
 78002 | Vaults:5 | Identified the Reference Book on Ensnaring Flames
 78038 | Vaults:5 | Identified the +3 cloak "Houjeubb" {Stlth+} (You found it
                  | on level 5 of the Vaults)
 78283 | Vaults:5 | Acquired the ring of Ewat {rElec Int+6}
 78334 | Vaults:5 | Identified the +4 ring mail of Shrieking Contentment
                  | {Str+3}
 78369 | Vaults:5 | Got a silver rune of Zot
 78723 | Vaults:5 | Identified the +3 broad axe "Beastslayer" {flame, rElec
                  | Int+4}
 78897 | Vaults:5 | Received a gift from Trog
 79098 | Vaults:5 | Identified the ring of the Everdark {+Inv +Fly rElec Int+4}
 79108 | Vaults:5 | Identified the amulet of Pisi {Spirit rF+ Will+ Str-3
                  | Int+5}
 79128 | Vaults:5 | Identified the +2 mace of False Accusations {vorpal, +Rage
                  | rElec Str+8 Int-3}
 79152 | Vaults:5 | Identified Fuyliepo's Grimoire of Quantum Execration
 79160 | Vaults:5 | Acquired the ring of Lieggyegg {rN+ EV+4 Slay+3}
 79205 | Vaults:5 | Found Hoseorchi's Jewellery Shoppe.
 79212 | Vaults:5 | Bought the ring "Syeluagg" {+Fly rF+ Will+++ Int-3 Stlth+}
                  | for 588 gold pieces
 80337 | Zot:1    | Entered Level 1 of the Realm of Zot
 82207 | Zot:1    | Received a gift from Trog
 82227 | Zot:1    | Killed from afar by a wind drake

Illustrated notes

Levels and vault maps discovered:
D:1:      minmay_arrival_arboretum_small, layout_basic, serial_bayou_crossing
D:2:      layout_basic, okawaru_ov_weapons_minmay, uniq_crazy_yiuf_cottage
D:3:      layout_basic, ebering_ghost_rock_garden, lemuel_angel_altar, uniq_ijyb
D:4:      layout_loops_ring, lemuel_flame_loot_1, uniq_grinder
D:5:      layout_gridville, serial_shops, nicolae_shop_window_shopping,
          kennysheep_potato
D:6:      layout_loops_cross, lemuel_blue_sif_altar,
          minmay_temple_entry_statues_fountains, basic_altar, uniq_duvessa,
          uniq_eustachio
D:7:      layout_gridville, serial_shops,
          nicolae_shop_competitors_out_of_business
D:8:      layout_cave_pods, serial_shops, shop, nemelex_diamond_rough_becter
D:9:      layout_roguey, erik_lair_orcish_takeover, minmay_the_grid_2x2
          [minmay_the_grid_expand, minmay_the_grid_armoury,
          minmay_the_grid_mess, minmay_the_grid_prize_inner_circle]
D:10:     layout_irregular_city, chequers_serial_rivers_small_3,
          kennysheep_generic_room_10
D:11:     layout_basic, david_orc_1_choice, serial_shops, shop, enter_bailey_3,
          minmay_another_anthill
D:12:     layout_long_grid, serial_shops, shop, minivault_27,
          minmay_guarded_unrand_finisher, uniq_josephine
D:13:     layout_small_grid, st_stairs_14, roderic_roman_lattice, uniq_kirke
D:14:     layout_loops_cross, david_vaults_1
D:15:     grunt_enter_depths_magical_seal, layout_loops_cross,
          minmay_misc_feat_ornament, gauntlet_entry_generic, uniq_louise
Lair:1:   layout_regular_city, infiniplex_staircase_pool, serial_bayou_shore_a,
          grunt_megastairs_3
Lair:2:   layout_cave_pods, minmay_swamp_entry_reptiles, serial_bayou_shore_b
Lair:3:   cheibrodos_magma_flow, layout_hall_layers, worms_lemuel
Lair:4:   layout_concentric_octagons, dummy_snake_entry
Lair:5:   layout_regular_city, dpeg_slime_entry_enclosed_altar,
          grunt_forest_large_clearings
Lair:6:   due_jungle_book, layout_long_grid
Swamp:1:  layout_falls_marsh, hangedman_swamp_ruin_wall, swamp_pool4
Swamp:2:  layout_basic_swamp, nicolae_swamp_stair_fork, swamp_pool5
Swamp:3:  layout_basic_swamp, evilmike_swamp_ruin_house_3
Swamp:4:  swamp_fiery, layout_basic_swamp
Snake:1:  layout_chambers, serial_shops, bzr_entry_safe, serial_bayou_pond_a,
          uniq_roxanne, uniq_donald, uniq_aizul
Snake:2:  layout_gridlike, st_stairs_13, lemuel_fruit_tree
Snake:3:  layout_layer_cave, serial_shops, nicolae_shop_stone,
          hangedman_snake_corridor_cut, minmay_shop_star, grunt_megastairs_1,
          uniq_jorgrun, uniq_agnes
Snake:4:  snake_pit, layout_cave_town, basic_altar, nicolae_snake_lava_pool,
          uniq_mara
Orc:1:    layout_caves, nicolae_volcano_entry_two_sided
Orc:2:    st_orc_pillars, layout_diamond_mine, nicolae_orc_lava_room
Elf:1:    layout_geoelf_octagon, orc_legates, st_stairs_10, patterned_corridor
Elf:2:    layout_geoelf_grid, special_room [special_room_mythical_zoo],
          grunt_ministairs_14, minmay_fountain_box
Elf:3:    elf_hall_gauntlet_wide, layout_onion_city, basic_altar, st_stairs_12,
          minmay_shop_grove, uniq_nikola
Vaults:1: st_diamondy, v_pattern_3, vaults_dpeg_diagonal, v_misc_29,
          grunt_vaults_focal, nicolae_vaults_network_square,
          hangedman_vaults_corner, vaults_room_boxed, v_alt_pattern_2,
          ontoclasm_vaults_idyll, nicolae_vaults_shelves_hall,
          nicolae_vaults_little_squares_2, ontoclasm_vaults_shuriken,
          vaults_mumra_chevron, layout_vaults_omnibox
Vaults:2: ontoclasm_vaults_ring_square, vaults_room_large_hall,
          ontoclasm_vaults_spin, grunt_vaults_hallway_short,
          nicolae_vaults_little_squares_3, vaults_room_door_ring,
          vaults_room_corners, layout_vaults_omnigrid
Vaults:3: vaults_mumra_hex, nicolae_vaults_back_hallway, hangedman_vaults_snaps,
          nicolae_vaults_network_star, v_misc_3, ontoclasm_vaults_chip,
          v_rooms_4, vaults_room_semicircle, minmay_crypt_entry_simple_plaza,
          v_misc_8, ontoclasm_vaults_decontamination,
          nicolae_vaults_specimen_jars, layout_vaults_big_room, serial_shops,
          shop, uniq_sojobo, uniq_saint_roka, uniq_boris
Vaults:4: v_misc_11, v_misc_17, vaults_dpeg_spiral, vaults_room_large_hall,
          nicolae_vaults_border_crossing, hangedman_vaults_variations,
          grunt_vaults_swirl, vaults_mumra_chevron_long,
          vaults_dpeg_encased_lava, v_pattern_5,
          nicolae_vaults_branching_niches, dpeg_vaults_monster_box,
          grunt_vaults_hallway_short, layout_vaults_ring, serial_glass
Vaults:5
Depths:1: layout_cave_shapes, enter_ziggurat_f, hell_entry, abyss_entry,
          nrook_kobold_shadow_demons
Depths:2: kennysheep_spiral_hall, layout_cave_shapes, lemuel_round_altar,
          serial_column_ruins, column_ruins_hut_pillars,
          column_ruins_temple_hall, column_ruins_open_tiny,
          column_ruins_open_small, column_ruins_grid_4,
          column_ruins_columns_straight, abyss_entry, hellmouth_1
Depths:3: lemuel_troll_bridge, layout_basic, serial_sigils,
          serial_sigils_hangedman_leer, serial_sigils_hangedman_shear,
          serial_sigils_hangedman_scar, serial_sigils_hangedman_writhe,
          grunt_hell_entry_dis_grunt, rand_demon_pan_entry_5, serial_shops,
          shop, serial_bayou_shore_b
Depths:4: nzn_winding_woodlands_cross [nzn_winding_woodlands_5x15_concentric,
          nzn_winding_woodlands_5x15_sidewinder,
          nzn_winding_woodlands_5x15_cabin, nzn_winding_woodlands_5x15_jagged,
          nzn_winding_woodlands_15x15_boxy_spiral], layout_honeycomb,
          abyss_entry_flame_altar, nicolae_sextant, hell_entry,
          grunt_decor_mini_mirrors, minmay_misc_feat_five
Depths:5: grunt_zot_entry_gee_three, layout_gridlike, abyss_entry_crystal,
          amcnicky_mini_rare_corridor_liquid, hangedman_coc_ice_floe,
          dk_noncrumbling_3
Zot:1:    lemuel_acid_trip, layout_onion, st_stairs_7

Skill      XL: |  1  2  3  4  5  6  7  8  9 10 11 12 13 14 15 16 17 18 19 20 21 22 23 24 |
---------------+-------------------------------------------------------------------------+-----
Fighting       | 4 5 6 7 8 9 10 11 12 13 14 15 16 17 18 19 20 21 | 21.5
Axes           | 4 5 6 7 8 9 10 11 12 13 14 15 16 17 18 19 20 21 | 21.5
Armour         | 3 4 5 6 8 9 10 11 12 13 14 15 16 17 18 19 20 21 | 21.5
Dodging        | 3 4 5 6 7 8 9 10 11 12 13 14 15 16 17 18 19 | 19.9
Evocations     | 1 2 3 5 6 7 8 9 10 11 12 13 14 15 16 17 | 17.0
Shields        | 3 5 7 9 10 11 12 13 14 15 16 17 18 19 20 | 20.7

Action                   |  1- 3 |  4- 6 |  7- 9 | 10-12 | 13-15 | 16-18 | 19-21 | 22-24 || total
-------------------------+-------+-------+-------+-------+-------+-------+-------+-------++-------
Melee: Hand axe          |    73 |   183 |   440 |    79 |       |   130 |       |       ||   905
       Headbutt          |    14 |    26 |    87 |   168 |   395 |   368 |   406 |   494 ||  1958
       Broad axe         |       |       |       |   690 |  1677 |  1309 |  1452 |  1588 ||  6716
       Flail             |       |       |       |    61 |    31 |    72 |    50 |       ||   214
       War axe           |       |       |       |       |     9 |       |       |       ||     9
       Executioner's axe |       |       |       |       |       |     5 |       |       ||     5
Invok: Trog's Hand       |     1 |     2 |    11 |    22 |    15 |    17 |    11 |    12 ||    91
       Berserk           |     1 |       |     1 |     6 |       |       |     1 |     1 ||    10
       Brothers in Arms  |       |       |       |       |     5 |    16 |     7 |    10 ||    38
Evoke: Wand              |       |       |     2 |       |       |    10 |    15 |       ||    27
       Phantom mirror    |       |       |       |       |       |       |     1 |       ||     1
       Tin of tremorston |       |       |       |       |       |       |       |     1 ||     1
  Use: Scroll            |       |     2 |     8 |     9 |    17 |    18 |    22 |    23 ||    99
       Potion            |       |       |       |     7 |     2 |     8 |     7 |     8 ||    32
 Stab: Sleeping          |     1 |       |       |       |       |       |       |       ||     1
       Distracted        |       |       |       |     1 |     5 |    17 |    13 |    12 ||    48
       Paralysed         |       |       |       |       |       |       |     4 |       ||     4
       Petrified         |       |       |       |       |       |       |     4 |       ||     4
Armor: Animal skin       |    13 |       |       |       |       |       |       |       ||    13
       Ring mail         |       |    14 |       |       |       |       |       |       ||    14
       Chain mail        |       |    36 |       |       |       |       |       |       ||    36
       Plate armour      |       |    25 |   260 |   501 |   567 |   448 |   374 |   462 ||  2637
       Skin              |       |       |       |       |       |       |    10 |       ||    10
       Gold dragon scale |       |       |       |       |       |       |       |    69 ||    69
Dodge: Dodged            |    53 |    99 |   120 |   234 |   368 |   487 |   498 |   649 ||  2508
       Repelled          |       |       |       |       |     8 |    59 |    18 |    32 ||   117
Block: Tower shield      |       |       |    95 |   848 |  1971 |  1077 |       |       ||  3991
       Reflection        |       |       |       |       |    40 |   230 |   175 |    94 ||   539
       Kite shield       |       |       |       |       |       |   803 |  1229 |  1293 ||  3325
       Other             |       |       |       |       |       |     3 |       |       ||     3
